AoeStats
← Erickinio

Arena

508162487Analyzed
4v4 RM · 11d ago on Sep 21, 2026· 32m 26s· 8 players
Game mode
Random Map
Map size
Large (8 player)
Population
200
Speed
Normal
Resources
Standard
Victory
Conquest
Starting age
Dark Age
Ending age
Imperial Age
RankedLock teamsTeams togetherTeam positionsShared explorationLock speedFull tech treeHidden civsTurbo modeCheats
Victory
Defeat
🇦🇷 Burgundians · Argentina
1141
+5
🇨🇱 Wu · Chile
1118
+6
🇨🇱 Chinese · Chile
1051
+8
🇨🇱 Bohemians · Chile
992
+9
🇪🇸 Turks · Spain
901
-8
🇲🇽 Magyars · Mexico
884
-8
🇷🇺 Aztecs · Russia
836
-7
🇦🇷 Celts · Argentina
793
-5
El Tlatoani
9:47 Loom
12:23 Feudal Age
19:14 Castle Age
18:27 Double-Bit Axe
18:24 Horse Collar
21:12 Pikeman
29:36 Fletching
OvertChunk95
13:04 Feudal Age
12:15 Loom
17:54 Castle Age
16:18 Double-Bit Axe
16:24 Horse Collar
18:51 Wheelbarrow
21:45 Fletching
29:34 Imperial Age
28:26 Hand Cart
29:34 Padded Archer Armor
30:29 Bow Saw
31:47 Leather Archer Armor
32:13 Conscription
Etheling
2:47 Loom
11:46 Feudal Age
12:11 Horse Collar
12:20 Double-Bit Axe
12:28 Gold Mining
19:43 Castle Age
18:55 Forging
20:20 Scale Mail Armor
21:25 Heavy Plow
21:37 Bow Saw
22:05 Wheelbarrow
24:11 Gold Shaft Mining
23:43 Eagle Warrior
24:49 Squires
24:36 Gambesons
25:51 Chain Mail Armor
Erickinio
11:00 Feudal Age
11:06 Feudal Age
9:47 Loom
11:48 Double-Bit Axe
17:31 Castle Age
16:08 Gold Mining
17:16 Forging
17:07 Scale Mail Armor
19:26 Gambesons
24:04 Horse Collar
24:30 Pikeman
27:24 Man-at-Arms
29:28 Stronghold
30:20 Bow Saw
30:39 Murder Holes
31:01 Treadmill Crane
32:33 Masonry
33:22 Wheelbarrow
Joaquito
11:05 Feudal Age
12:18 Loom
15:31 Castle Age
17:54 Horse Collar
18:33 Double-Bit Axe
18:53 Squires
19:01 Arson
25:22 Forging
27:12 Wheelbarrow
27:08 Scale Mail Armor
28:27 Bow Saw
30:38 Gold Mining
Drookns
10:48 Feudal Age
14:51 Castle Age
16:11 Double-Bit Axe
18:57 Chemistry
20:43 Padded Archer Armor
21:13 Loom
25:06 Wheelbarrow
25:48 Horse Collar
30:38 Imperial Age
29:43 Hand Cart
cacadecaca38
11:55 Feudal Age
17:27 Castle Age
16:10 Double-Bit Axe
16:19 Gold Mining
18:40 Fletching
21:11 Bodkin Arrow
24:08 Padded Archer Armor
28:51 Wheelbarrow
28:50 Bow Saw
29:20 Gold Shaft Mining
32:06 Imperial Age
33:22 Conscription
Federati
3:45 Double-Bit Axe
9:03 Horse Collar
11:09 Feudal Age
15:04 Castle Age
13:46 Heavy Plow
14:05 Bow Saw
14:22 Heavy Plow
17:56 Cavalier
18:37 Husbandry
19:51 Gold Mining
22:48 Scale Barding Armor
24:32 Crop Rotation
24:50 Chain Barding Armor
25:27 Husbandry
26:43 Forging
27:41 Two-Man Saw
30:10 Gold Shaft Mining
33:34 Iron Casting
Connection lost

Rejoining the realm…

Still unreachable

The connection could not be restored.

Session expired

The server has moved on; the page needs a fresh start.